 Dungeon Crawl Stone Soup version 0.31-a0-441-g867994ef1c (webtiles) character file.

Game seed: 3345610638862517291

219682 Xavori the Djinni Blade (level 19, -23/148 HPs)
             Began as a Djinni Chaos Knight on Aug 2, 2023.
             Was a Plaything of Xom.
             Annihilated by a spark wasp simulacrum (45 damage)
             ... on level 2 of the Spider Nest.
             The game lasted 00:37:47 (28974 turns).

Xavori the Djinni Blade (Djinni Chaos Knight)      Turns: 28974, Time: 00:37:47

Health: -23/148    AC: 24    Str: 16    XL:     19   Next: 90%
Gold:   3939       EV: 19    Int:  9    God:    Xom [.....*] SH:  5 Dex: 24

rFire   + + +        H - +7 triple sword of the Exiled Artisans {vamp, rElec rPois Int-3 Dex+6}
rCold   x . .        (shield currently unavailable)
rNeg    . . .        D - +6 ring mail "Xiwka" {+Blink rCorr}
rPois   ∞            (helmet restricted)
rElec   +            a - +2 cloak
rCorr   +            F - +3 pair of gauntlets of War {Slay+5}
SInv    .            (boots unavailable)
Will    +....        v - amulet of reflection
Stlth   ++           S - +4 ring of protection
HPRegen 1.24/turn    L - +4 ring of slaying
MPRegen 0.00/turn

%: reflection, infuse magic (-24 HP)
@: flying, slowed, very slow
A: sickness immunity, fire resistance 3, cold vulnerability 1, float, innate
caster, HP casting, extra vitality 1, fangs 1, horns 2, agile 1, dopey 1,
passive freeze, sense surroundings 1, regeneration 1, robust 1, wild magic 3,
MP-powered wands
}: 1/15 runes: decaying
a: Renounce Religion, Evoke Blink


You were on level 2 of the Spider Nest.
You worshipped Xom.
You were Xom's teddy bear.
You visited 5 branches of the dungeon, and saw 27 of its levels.
You also visited: Bailey.

You collected 5337 gold pieces.
You spent 1398 gold pieces at shops.

Inventory:

Hand Weapons
 z - a +9 double sword
 H - the +7 triple sword of the Exiled Artisans (weapon) {vamp, rElec rPois Int-3 Dex+6}
   (You acquired it in a bailey)

   Int:       It affects your intelligence (-3).
   Dex:       It affects your dexterity (+6).
   rElec:     It insulates you from electricity.
   rPois:     It protects you from poison.
Missiles
 B - 3 throwing nets
Armour
 a - a +2 cloak (worn)
 x - a +2 kite shield of protection
 D - the +6 ring mail "Xiwka" (worn) {+Blink rCorr}
   (You bought it in a shop on level 2 of the Orcish Mines)

   +Blink:    It lets you blink.
   rCorr:     It protects you from acid and corrosion.
 E - a +0 kite shield
 F - the +3 pair of gauntlets of War (worn) {Slay+5}
   (You acquired it in a bailey)

   Slay:      It affects your accuracy & damage with ranged weapons and melee
   (+5).
Jewellery
 g - a +6 ring of dexterity
 l - a ring of willpower
 o - an amulet of regeneration
 v - an amulet of reflection (around neck)
 J - a +6 ring of dexterity
 K - a ring of protection from cold
 L - a +4 ring of slaying (right hand)
 N - a ring of protection from fire
 S - a +4 ring of protection (left hand)
 T - a +5 ring of evasion
Wands
 n - a wand of roots (24)
 w - a wand of flame (84)
 A - a wand of digging (9)
 O - a wand of charming (12)
 V - a wand of mindburst (8)
 W - a wand of quicksilver (30)
Scrolls
 b - a scroll of silence
 c - a scroll of butterflies
 e - 6 scrolls of poison
 j - 8 scrolls of identify
 m - 8 scrolls of teleportation
 s - 6 scrolls of fear
 t - 5 scrolls of blinking
 y - 2 scrolls of revelation
 C - 6 scrolls of fog
 I - 4 scrolls of enchant armour
Potions
 d - 6 potions of heal wounds
 f - 10 potions of curing
 h - 5 potions of haste
 i - 3 potions of enlightenment
 k - 6 potions of might
 p - a potion of invisibility
 r - 4 potions of brilliance
 u - 2 potions of berserk rage
 G - 4 potions of resistance
 M - 3 potions of mutation
 R - 2 potions of cancellation
 Z - 2 potions of magic {unknown}
Miscellaneous
 q - a box of beasts
 P - a phantom mirror
 X - a lightning rod (4/4)
 Y - a condenser vane


   Skills:
 + Level 11.9 Fighting
 + Level 21.9 Long Blades
 + Level 7.8 Armour
 + Level 11.0 Dodging
 - Level 1.4 Stealth
 + Level 6.9 Shields
 * Level 9.2 Spellcasting
 * Level 9.2 Conjurations
 * Level 9.2 Hexes
 * Level 9.2 Summonings
 * Level 9.2 Necromancy
 * Level 9.2 Translocations
 * Level 9.2 Transmutations
 * Level 9.2 Fire Magic
 * Level 9.2 Ice Magic
 * Level 9.2 Air Magic
 * Level 9.2 Earth Magic
 * Level 9.2 Poison Magic
 - Level 8.6 Evocations


You knew the following spells:

 Your Spells              Type           Power      Damage    Failure   Level
a - Necrotise             Necr           100%       1d9       5%          1
b - Lesser Beckoning      Tloc           78%        N/A       6%          2
c - Call Canine Familiar  Summ           39%        N/A       10%         3
d - Stone Arrow           Conj/Erth      78%        3d11      10%         3
e - Metabolic Englaciati  Hex/Ice        19%        N/A       41%         5
f - Fireball              Conj/Fire      19%        3d9       41%         5
g - Starburst             Conj/Fire      19%        6d7       87%         6
h - Eringya's Noxious Bo  Tmut/Pois      19%        4d6       87%         6
i - Conjure Ball Lightni  Conj/Air       19%        3x3d6     87%         6
Your spell library was empty.

Dungeon Overview and Level Annotations

Branches:
Dungeon (14/15)            Temple (0/1) D:4            Lair (5/5) D:10
  Swamp (4/4) Lair:3       Spider (2/4) Lair:3        Slime (0/5) Lair:4
    Orc (2/2) D:9             Elf (0/3) Orc:2        Vaults (0/5) D:14
 Bailey (visited)

Altars:
Cheibriados
Fedhas
Uskayaw
Xom
The Shining One
Jiyva

Shops:
D:3 **   Orc:1 *   Orc:2 [*(:

Annotations:
D:11 3 runed translucent doors, Newt's ghost, journeyman KoHu
Lair:1 3 runed translucent doors, jasper's ghost, journeyman SpHu
Lair:2 2 transporters, Gelion's ghost, journeyman OpSh


Innate Abilities, Weirdness & Mutations

You are immune to sickness and miasma.
You are immune to poison.
Your flesh is almost immune to the effects of heat. (rF+++)
You are vulnerable to cold. (rC-)
You float through the air rather than walking.
You learn spells naturally, not from books.
Your magical power is your life essence.
You have superior vitality. (+4 MHP)
You have very sharp teeth.
You have a pair of horns on your head.
You are agile. (Dex +4, Str/Int -1)
You are dopey. (Int -2)
A frigid envelope surrounds you and freezes all who hurt you.
You passively map a small area around you.
Your natural rate of healing is unusually fast.
You are robust. (+10% HP)
Your spells are much harder to cast, but much more powerful.
You expend health (3 HP) to strengthen your wands.


Message History

Xom thinks this is hilarious!
The spark wasp simulacrum completely resists.
The redback misses you. The culicivora barely misses you.
The demonic crawler barely misses you. The demonic crawler closely misses you.
The demonic crawler completely misses you.
You are too injured to fight recklessly!
Unknown command.
You are too injured to fight recklessly!
Unknown command.
You are too injured to fight recklessly!
Unknown command.
You are too injured to fight recklessly!
Unknown command.
You slice the wolf spider simulacrum!!
The wolf spider simulacrum is almost destroyed.
The redback bites you.
The redback is very cold.
The redback is moderately wounded.
The wolf spider simulacrum is healed somewhat.
The spark wasp simulacrum closely misses you.
You block the wolf spider simulacrum's attack.
The wolf spider simulacrum bites you.
The wolf spider simulacrum freezes you!!
You feel a terrible chill!
* * * LOW HITPOINT WARNING * * *
The wolf spider simulacrum completely resists.
The demonic crawler misses you. The demonic crawler hits you!
* * * LOW HITPOINT WARNING * * *
The demonic crawler is very cold.
The demonic crawler is lightly wounded.
The demonic crawler hits you but does no damage.
The redback bites you but does no damage.
The redback is very cold.
The redback is heavily wounded.
The culicivora misses you. The spark wasp simulacrum hits you!
* * * LOW HITPOINT WARNING * * *
The spark wasp simulacrum freezes you!!!
You feel a terrible chill!
Xom roars with laughter!
You die...
Xom bursts into laughter!

..^## #...........#
###........
#....##...^......##
######^....
#*#...#.........## ##.#
####.. .# #.^.#...^.###
##^..., * ###
..#*##.###^.### #......
...# #.###### ###.......
....###.# ###........., ,
,
.....##.#####....s......
.....†#..##.....@ZZ.....
, ,,
.....†...#...^.Zss......,
.........#..............
..........#........w....
,
........##.#............
......########..........
.....## ##......... *
.....# #........., ....##
* * ... ,


You could see a torpor snail, a demonic crawler, a culicivora (soul bound), a
redback (soul bound), a wolf spider simulacrum, a spark wasp simulacrum and a
culicivora simulacrum.

Vanquished Creatures
  the Lernaean hydra (Swamp:4)
  Mlioglotl (Spider:1)
  2 tentacled monstrosities
  Frances (D:13)
  Aizul (Swamp:4)
  2 thorn hunters (Swamp:3)
  The ghost of bakla the Warrior, an adept DsMo of Wu Jian (Swamp:3)
  An azure jelly (Swamp:1)
  The ghost of experimilk the Brawler, a journeyman TrGl of Gozag (Spider:1)
  2 fenstrider witches
  An emperor scorpion (Spider:2)
  A ghost moth (Spider:2)
  The ghost of abessonov the Spry, a journeyman MfSh of the Shining One (Swamp:1)
  2 orc warlords
  2 broodmothers
  3 eleionomae
  Azrael (Spider:1)
  3 bunyips (Swamp:3)
  3 spark wasps
  An ettin (D:12)
  Josephine (Spider:1)
  2 entropy weavers
  A vault guard (D:14)
  Erolcha (D:9)
  19 hydras
  5 ghost crabs
  6 centaur warriors
  13 alligators
  An ogre mage (D:12)
  2 catoblepae
  2 jorogumos
  6 boulder beetles
  A deep troll earth mage (D:11)
  6 two-headed ogres
  6 death yaks
  4 demonic crawlers
  2 tengu warriors
  A dancing weapon (Swamp:1)
  Urug (D:12)
  4 orc high priests (Orc:2)
  Amaemon (Lair:3)
  Sonja (Lair:3)
  2 skysharks (Lair:5)
  3 skeletal warriors (D:13)
  2 orb spiders (Spider:1)
  6 goliath frogs
  A pharaoh ant (Spider:2)
  11 swamp dragons
  4 spriggan druids
  2 spectral hydras (Lair:3)
  3 steelbarb worms (Spider:2)
  14 bog bodies
  Pikel (D:7)
  3 deep elf pyromancers
  5 orc knights
  A deep elf zephyrmancer (D:13)
  3 oklob plants (Lair:1)
  A lindwurm (Lair:3)
  5 orc sorcerers
  15 ugly things
  9 cyclopes
  7 wolf spiders
  6 manticores
  4 will-o-the-wisps
  18 elephants
  A moth of wrath (Spider:2)
  5 black mambas
  9 cane toads
  3 gargoyles
  2 torpor snails
  An orange demon (Lair:3)
  10 komodo dragons
  2 kobold demonologists (Bailey)
  An efreet (D:14)
  2 unseen horrors (D:11)
  3 rime drakes
  11 trolls
  A yaktaur (D:12)
  8 hornets
  7 meliai
  2 polar bears
  A queen bee (D:12)
  13 tarantellas
  10 blink frogs
  9 tyrant leeches
  A slime creature (D:12)
  18 dream sheep
  11 jumping spiders
  4 shadows
  5 wyverns (Lair:3)
  16 culicivoras
  10 spriggans
  9 wraiths
  A vampire (D:11)
  2 fire elementals (Spider:1)
  A hog (D:11)
  8 basilisks
  26 yaks
  A human (shapeshifter) (Lair:5)
  25 redbacks
  18 vampire mosquitoes
  2 steam dragons (D:8)
  3 wargs
  11 water moccasins
  14 swamp worms
  6 acid dragons
  2 hell hounds (Spider:1)
  41 orc warriors
  7 swamp drakes (Swamp:4)
  An ice beast (D:6)
  A spectral torpor snail (Lair:3)
  4 black bears
  16 wolves
  A spectral blink frog (Lair:3)
  7 ogres
  17 centaurs
  A lemure (D:7)
  A phantom (D:5)
  15 bullfrogs
  8 scorpions
  13 wights (D:9)
  34 killer bees
  4 electric eels (Bailey)
  2 jellies
  19 orc priests
  3 sleepcaps (D:6)
  6 iguanas
  27 orc wizards
  8 gnolls
  6 adders
  3 white imps
  5 worms
  4 dart slugs
  89 orcs
  8 bats
  6 endoplasms
  5 giant cockroaches
  7 hobgoblins
  3 quokkas
  4 ball pythons
  2 frilled lizards (D:1)
  12 goblins
  9 kobolds
  6 rats
943 creatures vanquished.

Vanquished Creatures (collateral kills)
  A deep troll shaman (Lair:5)
  A culicivora (Spider:1)
  A yak (Lair:1)
  A jelly (D:5)
4 creatures vanquished.

Vanquished Creatures (others)
  A hydra (Swamp:4)
  A will-o-the-wisp (Swamp:2)
  3 bloated husks
  A slime creature (D:12)
  A yak (Lair:1)
  A swamp worm (Swamp:4)
  3 killer bees (D:12)
  An orc wizard (Orc:2)
  A gnoll (Bailey)
  2 orcs (Bailey)
  A goblin (Bailey)
  12 foxfires
28 creatures vanquished.

Grand Total: 975 creatures vanquished

Notes
Turn   | Place    | Note
-------+----------+-------------------------------------------
     0 | D:1      | Xavori the Djinni Chaos Knight began the quest for the Orb.
     0 | D:1      | Reached XP level 1. HP: 20/20 MP: 0/0
   283 | D:1      | XOM: silly message
   354 | D:1      | XOM: divination: magic mapping
   450 | D:1      | XOM: silly message
   534 | D:1      | XOM: give mutations
   534 | D:1      | Gained mutation: You expend health (3 HP) to strengthen
                  | your wands. [Xom's grace]
   534 | D:1      | Gained mutation: Your spells are a little harder to cast,
                  | but a little more powerful. [Xom's grace]
   534 | D:1      | Gained mutation: You possess an exceptional clarity of
                  | mind. [Xom's grace]
   534 | D:1      | Gained mutation: Your flesh is almost immune to the effects
                  | of heat. (rF+++) [Xom's grace]
   700 | D:1      | XOM: give mutations
   700 | D:1      | Gained mutation: Your mind is acute. (Int +4, Str/Dex -1)
                  | [Xom's grace]
   700 | D:1      | Gained mutation: You have a pair of small horns on your
                  | head. [Xom's grace]
   700 | D:1      | Gained mutation: A frigid envelope surrounds you and
                  | freezes all who hurt you. [Xom's grace]
   917 | D:1      | XOM: scenery: summon butterflies
  1061 | D:1      | XOM: cloud trail
  1215 | D:1      | XOM: give mutations
  1215 | D:1      | Gained mutation: You passively map a small area around you.
                  | [Xom's grace]
  1215 | D:1      | Gained mutation: Your natural rate of healing is unusually
                  | fast. [Xom's grace]
  1332 | D:1      | XOM: summons 3 hostile shadow creatures
  1736 | D:1      | XOM is BORED!
  1736 | D:1      | XOM: 1-stop teleportation journey
  1898 | D:1      | Reached XP level 2. HP: 25/25 MP: 0/0
  1923 | D:1      | Found a faded altar of an unknown god.
  1958 | D:1      | Reached skill level 3 in Long Blades
  1959 | D:1      | Reached XP level 3. HP: 30/30 MP: 0/0
  1959 | D:1      | Learned a level 1 spell: Necrotise
  3382 | D:1      | XOM: god gift: smoky white potion {god gift}
  3675 | D:1      | XOM: god gift: +2 shortbow of flaming
  4315 | D:1      | XOM: scenery: summon butterflies
  4409 | D:1      | XOM: god gift: 57 gold pieces
  4984 | D:1      | XOM: give mutations
  4984 | D:1      | Gained mutation: You are somewhat resistant to further
                  | mutation. [Xom's mischief]
  5335 | D:1      | XOM: noise
  5600 | D:1      | XOM: silly message
  5717 | D:1      | XOM: silly message
  5886 | D:1      | XOM: silly message
  6279 | D:1      | XOM: god gift: scroll labelled MEHURA YTINWUO {god gift}
  6657 | D:1      | XOM: silly message
  7208 | D:1      | XOM: scenery: create altars
  7282 | D:1      | XOM is BORED!
  7282 | D:1      | XOM: give mutations
  7282 | D:1      | Lost mutation: You possess an exceptional clarity of mind.
                  | [Xom's mischief]
  7282 | D:1      | Gained mutation: You possess an exceptional clarity of
                  | mind. [Xom's mischief]
  7328 | D:1      | XOM: summons 2 hostile demons
  7767 | D:1      | XOM: give mutations
  7767 | D:1      | Gained mutation: You are partially covered in iridescent
                  | scales. (AC +2) [Xom's grace]
  7767 | D:1      | Gained mutation: You have very sharp teeth. [Xom's grace]
  8164 | D:1      | XOM: god gift: +4 vampiric great sword
  8383 | D:2      | XOM: scenery: create altars
  8397 | D:2      | Reached XP level 4. HP: 35/35 MP: 0/0
  8464 | D:2      | XOM: give mutations
  8464 | D:2      | Gained mutation: You heal very quickly. [Xom's grace]
  8464 | D:2      | Gained mutation: Your mind is very acute. (Int +8, Str/Dex
                  | -2) [Xom's grace]
  8839 | D:3      | Found Taehae's Assorted Antiques.
  8847 | D:3      | Bought a scroll labelled KUNAZI CASTROCU for 29 gold pieces
  8847 | D:3      | Bought a scroll labelled YMPESO ZUUM for 29 gold pieces
  8847 | D:3      | Bought a scroll labelled ANGONTEWIO for 29 gold pieces
  8847 | D:3      | Bought a glowing grey potion for 26 gold pieces
  8925 | D:3      | Found Eboiv's General Store.
  8937 | D:3      | You are sucked into a shaft and drop 2 floors!
  8937 | D:5      | Entered Level 5 of the Dungeon
  8959 | D:5      | Noticed a water moccasin
  8959 | D:5      | Noticed an acid dragon
  8959 | D:5      | Noticed a yak
  8967 | D:5      | Noticed an ogre
  8969 | D:5      | XOM: summons friendly white imp
  8975 | D:5      | Killed an ogre
  8976 | D:5      | Reached XP level 5. HP: 19/40 MP: 0/0
  8976 | D:5      | Learned a level 2 spell: Lesser Beckoning
  9015 | D:5      | XOM: god gift: box of beasts
  9074 | D:5      | Noticed a phantom
  9085 | D:5      | Killed a phantom
  9086 | D:5      | Reached skill level 4 in Long Blades
  9086 | D:5      | Reached skill level 1 in Stealth
  9086 | D:5      | Reached XP level 6. HP: 46/46 MP: 0/0
  9093 | D:4      | XOM: stealth player
  9149 | D:3      | Found Lurghip's Assorted Antiques.
  9157 | D:3      | Bought a scroll labelled YGOEFR FARA for 29 gold pieces
  9157 | D:3      | Bought a scroll labelled WIHEVIULAU for 29 gold pieces
  9169 | D:3      | XOM: divination: magic mapping
  9462 | D:3      | XOM: divination: magic mapping
  9601 | D:4      | XOM: silly message
  9740 | D:4      | Found a staircase to the Ecumenical Temple.
  9775 | D:4      | Identified a scroll of acquirement
  9776 | D:4      | Acquired 830 gold pieces
  9823 | D:4      | Reached skill level 5 in Long Blades
  9863 | D:4      | Reached XP level 7. HP: 51/51 MP: 0/0
  9863 | D:4      | Learned a level 3 spell: Call Canine Familiar
  9889 | D:4      | XOM: polymorph gnoll bouda -> jelly
 10310 | D:5      | Found a snail-covered altar of Cheibriados.
 10339 | D:5      | XOM: summons friendly orange demon
 10342 | D:5      | Reached skill level 6 in Long Blades
 10377 | D:5      | Reached XP level 8. HP: 53/58 MP: 0/0
 10377 | D:5      | Found a blossoming altar of Fedhas.
 10404 | D:5      | XOM: silly message
 10610 | D:5      | Found a glowing golden altar of the Shining One.
 10614 | D:5      | XOM is BORED!
 10614 | D:5      | XOM: noise
 11166 | D:5      | XOM: noise
 11729 | D:6      | Found a shimmering altar of Xom.
 11729 | D:6      | Found a hide-covered altar of Uskayaw.
 11753 | D:6      | Reached skill level 1 in Spellcasting
 11753 | D:6      | Reached skill level 1 in Conjurations
 11753 | D:6      | Reached skill level 1 in Hexes
 11753 | D:6      | Reached skill level 1 in Summonings
 11753 | D:6      | Reached skill level 1 in Necromancy
 11753 | D:6      | Reached skill level 1 in Translocations
 11753 | D:6      | Reached skill level 1 in Transmutations
 11753 | D:6      | Reached skill level 1 in Fire Magic
 11753 | D:6      | Reached skill level 1 in Ice Magic
 11753 | D:6      | Reached skill level 1 in Air Magic
 11753 | D:6      | Reached skill level 1 in Earth Magic
 11753 | D:6      | Reached skill level 1 in Poison Magic
 11792 | D:6      | Reached skill level 7 in Long Blades
 11887 | D:6      | XOM: silly message
 11993 | D:6      | XOM: silly message
 12001 | D:6      | XOM: summons friendly quasit
 12119 | D:6      | XOM: silly message
 12150 | D:7      | Reached skill level 8 in Long Blades
 12150 | D:7      | Reached XP level 9. HP: 63/63 MP: 0/0
 12150 | D:7      | Learned a level 3 spell: Stone Arrow
 12218 | D:7      | XOM: cloud trail
 12410 | D:7      | Noticed Pikel
 12413 | D:7      | XOM: noise
 12422 | D:7      | Killed Pikel
 12423 | D:7      | Reached skill level 9 in Long Blades
 12757 | D:7      | Identified the +9 trident "Ofodergh" {holy, rC+ rN+}
 12867 | D:8      | Found a flagged portal.
 12888 | Bailey   | Entered a bailey
 12928 | Bailey   | Reached skill level 10 in Long Blades
 12950 | Bailey   | Reached XP level 10. HP: 48/69 MP: 0/0
 12983 | Bailey   | Found an iron altar of Okawaru.
 12983 | Bailey   | Noticed an orc knight
 12983 | Bailey   | Noticed a kobold demonologist
 12983 | Bailey   | XOM: 1-stop teleportation journey
 12994 | Bailey   | Killed an orc knight
 12995 | Bailey   | Reached skill level 5 in Fighting
 12998 | Bailey   | Killed a kobold demonologist
 12999 | Bailey   | Noticed a kobold demonologist
 13007 | Bailey   | XOM: noise
 13009 | Bailey   | Killed a kobold demonologist
 13010 | Bailey   | Reached skill level 11 in Long Blades
 13020 | Bailey   | Identified the -2 pair of boots "Uxusyl" {rC+ Str+4}
 13030 | Bailey   | Identified the +7 sling of Nautius {heavy, rPois rC+ Will+
                  | Int-3}
 13052 | Bailey   | XOM: cast spell 'Call Canine Familiar'
 13211 | Bailey   | Noticed an orc knight
 13235 | Bailey   | Killed an orc knight
 13406 | Bailey   | Acquired the +7 triple sword of the Exiled Artisans {vamp,
                  | rElec rPois Int-3 Dex+6}
 13408 | Bailey   | Acquired the +3 pair of gauntlets of War {Slay+5}
 13408 | Bailey   | Found the +3 pair of gauntlets of War {Slay+5}
 13528 | D:8      | XOM: summons 4 hostile shadow creatures
 13530 | D:8      | XOM: polymorph shadow imp -> white imp
 13545 | D:8      | XOM: give mutation
 13545 | D:8      | Lost mutation: Your flesh is almost immune to the effects
                  | of heat. (rF+++) [Xom's mischief]
 13549 | D:8      | XOM: god gift: chain mail {god gift}
 13648 | D:8      | XOM: 2-stop teleportation journey
 13883 | D:9      | Reached skill level 1 in Shields
 13953 | D:9      | Reached XP level 11. HP: 76/76 MP: 0/0
 13953 | D:9      | Learned a level 5 spell: Metabolic Englaciation
 13964 | D:9      | XOM: confuse monster(s)
 13966 | D:9      | Reached skill level 12 in Long Blades
 14024 | D:9      | Found a staircase to the Orcish Mines.
 14185 | D:9      | XOM: give mutations
 14185 | D:9      | Lost mutation: Your mind is very acute. (Int +8, Str/Dex
                  | -2) [Xom's mischief]
 14185 | D:9      | Lost mutation: You are somewhat resistant to further
                  | mutation. [Xom's mischief]
 14293 | D:9      | Noticed a two-headed ogre
 14294 | D:9      | XOM: cleaving
 14303 | D:9      | Noticed Erolcha
 14309 | D:9      | Killed Erolcha
 14324 | D:9      | Killed a two-headed ogre
 14325 | D:9      | Reached skill level 13 in Long Blades
 14431 | D:10     | Entered Level 10 of the Dungeon
 14473 | D:10     | XOM: summons 6 hostile demons
 14595 | D:10     | Noticed a cyclops
 14600 | D:10     | XOM: noise
 14602 | D:10     | Killed a cyclops
 14611 | D:10     | XOM: silly message
 14833 | D:10     | Found a staircase to the Lair.
 14838 | D:10     | XOM: cloud trail
 15034 | Lair:1   | Entered Level 1 of the Lair of Beasts
 15077 | Lair:1   | XOM: enchant monster (good)
 15082 | Lair:1   | Reached XP level 12. HP: 84/84 MP: 0/0
 15104 | Lair:1   | XOM: 1-stop teleportation journey
 15278 | Lair:1   | Reached skill level 14 in Long Blades
 15322 | Lair:1   | Found a runed translucent gate.
 15322 | Lair:1   | Found a runed translucent gate.
 15352 | Lair:1   | Found a runed translucent gate.
 15388 | Lair:1   | Noticed jasper's ghost (journeyman SpHu)
 15390 | Lair:1   | XOM: cast spell 'Alistair's Intoxication'
 15392 | Lair:1   | XOM: confuse monster(s)
 15850 | Lair:2   | XOM: cast spell 'Summon Small Mammal'
 15862 | Lair:2   | Reached skill level 15 in Long Blades
 15876 | Lair:2   | Found a transporter.
 15906 | Lair:2   | Noticed Gelion's ghost (journeyman OpSh)
 15906 | Lair:2   | XOM: god gift: fuming brown potion {god gift}
 15991 | Lair:2   | Found a transporter.
 16088 | Lair:2   | XOM: scenery: summon butterflies
 16091 | Lair:2   | XOM: divination: magic mapping
 16094 | Lair:2   | Reached skill level 5 in Spellcasting
 16094 | Lair:2   | Reached skill level 5 in Conjurations
 16094 | Lair:2   | Reached skill level 5 in Hexes
 16094 | Lair:2   | Reached skill level 5 in Summonings
 16094 | Lair:2   | Reached skill level 5 in Necromancy
 16094 | Lair:2   | Reached skill level 5 in Translocations
 16094 | Lair:2   | Reached skill level 5 in Transmutations
 16094 | Lair:2   | Reached skill level 5 in Fire Magic
 16094 | Lair:2   | Reached skill level 5 in Ice Magic
 16094 | Lair:2   | Reached skill level 5 in Air Magic
 16094 | Lair:2   | Reached skill level 5 in Earth Magic
 16094 | Lair:2   | Reached skill level 5 in Poison Magic
 16096 | Lair:2   | Reached XP level 13. HP: 90/90 MP: 0/0
 16096 | Lair:2   | Learned a level 5 spell: Fireball
 16124 | Lair:2   | Noticed a five-headed hydra
 16133 | Lair:2   | Killed a five-headed hydra
 16134 | Lair:2   | Reached skill level 5 in Dodging
 16194 | Lair:2   | XOM: divination: detect items
 16353 | Lair:2   | Reached skill level 5 in Armour
 16395 | Lair:2   | Reached skill level 16 in Long Blades
 16454 | Lair:2   | Noticed a catoblepas
 16465 | Lair:2   | XOM: smoke on damage
 16468 | Lair:2   | XOM: divination: detect creatures
 16474 | Lair:2   | Killed a catoblepas
 16675 | Lair:3   | Found a hole to the Spider Nest.
 16772 | Lair:3   | Noticed Amaemon
 16777 | Lair:3   | Killed Amaemon
 16827 | Lair:3   | Reached skill level 1 in Evocations
 16873 | Lair:3   | XOM: divination: magic mapping
 16940 | Lair:3   | Noticed Sonja
 16947 | Lair:3   | Killed Sonja
 17065 | Lair:3   | Found a staircase to the Swamp.
 17065 | Lair:3   | Noticed a ghost crab
 17065 | Lair:3   | Noticed a ghost crab
 17081 | Lair:3   | Killed a ghost crab
 17082 | Lair:3   | Reached XP level 14. HP: 97/99 MP: 0/0
 17086 | Lair:3   | Reached skill level 17 in Long Blades
 17876 | Lair:4   | XOM: potion effect (berserk rage)
 17878 | Lair:4   | XOM: cast spell 'Summon Ice Beast'
 18055 | Lair:4   | Found a viscous altar of Jiyva.
 18055 | Lair:4   | Found a staircase to the Slime Pits.
 18077 | Lair:4   | XOM: 9-stop teleportation journey
 18409 | Lair:4   | XOM: summons 1 hostile demon
 18607 | Lair:5   | Entered Level 5 of the Lair of Beasts
 18734 | Lair:5   | XOM: enchant monster (bad)
 18890 | Lair:5   | XOM: cast spell 'Summon Small Mammal'
 19126 | Lair:5   | XOM: summons friendly ufetubus
 19282 | Lair:5   | XOM: confuse monster(s)
 19290 | Lair:5   | XOM: cast spell 'Olgreb's Toxic Radiance'
 19309 | Lair:5   | XOM: enchant monster (good)
 19323 | Lair:5   | XOM: polymorph six-headed hydra -> shapeshifter
 19374 | Lair:5   | XOM: divination: detect creatures
 19428 | Lair:5   | XOM: give mutations
 19428 | Lair:5   | Gained mutation: You have sharp fingernails. [Xom's grace]
 19428 | Lair:5   | Gained mutation: You passively dampen the noise of your
                  | surroundings. [Xom's grace]
 19428 | Lair:5   | Gained mutation: You are robust. (+10% HP) [Xom's grace]
 19428 | Lair:5   | Gained mutation: Your spells are harder to cast, but more
                  | powerful. [Xom's grace]
 19617 | D:11     | XOM: enchant monster (good)
 19624 | D:11     | Reached skill level 18 in Long Blades
 19624 | D:11     | Reached XP level 15. HP: 115/116 MP: 0/0
 19624 | D:11     | Learned a level 6 spell: Starburst
 19641 | D:11     | XOM: swap monsters
 19827 | D:11     | XOM: noise
 19917 | D:11     | XOM: give mutation
 19917 | D:11     | Lost mutation: You heal very quickly. [Xom's mischief]
 19942 | D:11     | XOM: stat loss: -1 Dex (18/19)
 19949 | D:11     | Reached skill level 5 in Evocations
 20007 | D:11     | XOM: polymorph orc warrior -> hog
 20027 | D:11     | XOM: give mutations
 20027 | D:11     | Lost mutation: You passively dampen the noise of your
                  | surroundings. [Xom's mischief]
 20027 | D:11     | Lost mutation: You are partially covered in iridescent
                  | scales. (AC +2) [Xom's mischief]
 20027 | D:11     | Lost mutation: You are robust. (+10% HP) [Xom's mischief]
 20027 | D:11     | Lost mutation: Your mind is acute. (Int +4, Str/Dex -1)
                  | [Xom's mischief]
 20197 | D:11     | XOM: destruction
 20234 | D:11     | Found a runed translucent gate.
 20234 | D:11     | Found a runed translucent gate.
 20234 | D:11     | Found a runed translucent gate.
 20349 | D:11     | XOM: blink monster(s)
 20350 | D:11     | XOM: swap monsters
 20357 | D:11     | Found a runed translucent gate.
 20357 | D:11     | Found a runed translucent gate.
 20360 | D:11     | Noticed Newt's ghost (journeyman KoHu)
 20361 | D:11     | Found a runed translucent gate.
 20469 | D:12     | XOM: polymorph cyclops -> dream sheep
 20506 | D:12     | Reached skill level 10 in Fighting
 20550 | D:12     | XOM: summons friendly ufetubus
 20670 | D:12     | XOM: give mutations
 20670 | D:12     | Lost mutation: Your spells are harder to cast, but more
                  | powerful. [Xom's mischief]
 20670 | D:12     | Gained mutation: You are dopey. (Int -2) [Xom's mischief]
 20670 | D:12     | Lost mutation: You have sharp fingernails. [Xom's mischief]
 20784 | D:12     | XOM: give mutations
 20784 | D:12     | Gained mutation: Your movements are slightly less
                  | encumbered by armour. (ER -2) [Xom's grace]
 20784 | D:12     | Gained mutation: You are agile. (Dex +4, Str/Int -1) [Xom's
                  | grace]
 20784 | D:12     | Gained mutation: Your spells are harder to cast, but more
                  | powerful. [Xom's grace]
 20784 | D:12     | Gained mutation: You have a pair of horns on your head.
                  | [Xom's grace]
 20865 | D:12     | Noticed Urug
 20871 | D:12     | Killed Urug
 20998 | D:12     | XOM: summons 4 hostile shadow creatures
 21006 | D:12     | XOM: divine lightning
 21010 | D:12     | XOM: 5-stop teleportation journey
 21638 | Orc:1    | Entered Level 1 of the Orcish Mines
 21651 | Orc:1    | Reached XP level 16. HP: 114/114 MP: 0/0
 21756 | Orc:1    | Reached skill level 19 in Long Blades
 21764 | Orc:1    | XOM: smoke on damage
 21767 | Orc:1    | XOM: chaos upgrade
 21832 | Orc:1    | Found Puemiv's General Store.
 21841 | Orc:1    | Bought a wand of digging (3) for 176 gold pieces
 21841 | Orc:1    | Bought a potion of resistance for 140 gold pieces
 21993 | Orc:2    | Entered Level 2 of the Orcish Mines
 22275 | Orc:2    | Found a staircase to the Elven Halls.
 22370 | Orc:2    | XOM: 8-stop teleportation journey
 22380 | Orc:2    | XOM: give mutations
 22380 | Orc:2    | Gained mutation: You have a somewhat thin skeletal
                  | structure. (Dex +2, Stealth+) [Xom's grace]
 22380 | Orc:2    | Gained mutation: Your spells are much harder to cast, but
                  | much more powerful. [Xom's grace]
 22380 | Orc:2    | Gained mutation: You are robust. (+10% HP) [Xom's grace]
 22380 | Orc:2    | Gained mutation: Your flesh is almost immune to the effects
                  | of heat. (rF+++) [Xom's grace]
 22438 | Orc:2    | XOM: blink monster(s)
 22461 | Orc:2    | XOM: silly message
 22477 | Orc:2    | XOM: confuse monster(s)
 22502 | Orc:2    | XOM: silly message
 22567 | Orc:2    | Found Gugaw's General Store.
 22568 | Orc:2    | Found Buoxuraj's Book Shoppe.
 22570 | Orc:2    | Found Otol's Antique Armour Emporium.
 22570 | Orc:2    | Found Uqietil's Antique Weapon Emporium.
 22575 | Orc:2    | Bought a brightly glowing chain mail for 351 gold pieces
 22575 | Orc:2    | Identified the +0 chain mail of Asceticism {SInv} (You
                  | bought it in a shop on level 2 of the Orcish Mines)
 22576 | Orc:2    | Bought a heavily runed ring mail for 333 gold pieces
 22576 | Orc:2    | Identified the +6 ring mail "Xiwka" {+Blink rCorr} (You
                  | bought it in a shop on level 2 of the Orcish Mines)
 22597 | Orc:2    | Bought a potion of haste for 130 gold pieces
 22597 | Orc:2    | Bought a scroll of blinking for 97 gold pieces
 22599 | Orc:2    | Reached XP level 17. HP: 132/132 MP: 0/0
 22599 | Orc:2    | Learned a level 6 spell: Eringya's Noxious Bog
 22713 | Orc:1    | XOM: silly message
 22832 | D:13     | Noticed Frances
 22839 | D:13     | XOM: confuse monster(s)
 22848 | D:13     | Killed Frances
 23166 | D:13     | XOM: noise
 23317 | D:13     | XOM: divination: magic mapping
 23328 | D:13     | Reached skill level 20 in Long Blades
 23379 | D:13     | Found a shimmering altar of Xom.
 23433 | D:14     | XOM: confuse monster(s)
 23701 | D:14     | Reached skill level 5 in Shields
 23890 | D:14     | Found a gate to the Vaults.
 23966 | D:14     | XOM: divination: detect items
 23978 | D:14     | XOM: fog
 24342 | Swamp:1  | Entered Level 1 of the Swamp
 24360 | Swamp:1  | XOM: enchant monster (good)
 24415 | Swamp:1  | XOM: fake destruction
 24421 | Swamp:1  | XOM: potion effect (might)
 24471 | Swamp:1  | Found a runed translucent door.
 24472 | Swamp:1  | Found a shimmering altar of Xom.
 24472 | Swamp:1  | Noticed abessonov's ghost (journeyman MfSh)
 24477 | Swamp:1  | XOM: divine lightning
 24479 | Swamp:1  | XOM: polymorph eleionoma -> azure jelly
 24493 | Swamp:1  | Reached XP level 18. HP: 138/138 MP: 0/0
 24523 | Swamp:1  | XOM: give mutation
 24523 | Swamp:1  | Lost mutation: You have a somewhat thin skeletal structure.
                  | (Dex +2, Stealth+) [Xom's mischief]
 24623 | Swamp:1  | XOM: summons 4 hostile shadow creatures
 24863 | Swamp:1  | XOM: cast spell 'Summon Small Mammal'
 24864 | Swamp:1  | Killed abessonov's ghost
 24946 | Swamp:2  | XOM: stealth player
 24953 | Swamp:2  | XOM: divination: detect items
 25041 | Swamp:2  | XOM: cast spell 'Summon Hydra'
 25202 | Swamp:1  | XOM: silly message
 25237 | Swamp:2  | XOM: confuse monster(s)
 25244 | Swamp:2  | Reached skill level 21 in Long Blades
 25559 | Swamp:3  | Found a runed translucent door.
 25559 | Swamp:3  | Noticed bakla's ghost (adept DsMo)
 25616 | Swamp:3  | XOM: polymorph tyrant leech -> goliath frog
 25713 | Swamp:3  | Noticed a tentacled monstrosity
 25723 | Swamp:3  | Killed a tentacled monstrosity
 26144 | Swamp:3  | XOM: summons 4 hostile shadow creatures
 26349 | Swamp:3  | XOM: give mutations
 26349 | Swamp:3  | Lost mutation: You possess an exceptional clarity of mind.
                  | [Xom's mischief]
 26349 | Swamp:3  | Lost mutation: Your movements are slightly less encumbered
                  | by armour. (ER -2) [Xom's mischief]
 26574 | Swamp:3  | Killed bakla's ghost
 26585 | Swamp:3  | Acquired 1150 gold pieces
 26614 | Swamp:3  | XOM: silly message
 26621 | Swamp:4  | Entered Level 4 of the Swamp
 26625 | Swamp:4  | Reached skill level 10 in Dodging
 26666 | Swamp:4  | XOM: blink monster(s)
 26676 | Swamp:4  | XOM: butterfly on damage
 26788 | Swamp:4  | Noticed a tentacled monstrosity
 26793 | Swamp:4  | XOM: 1-stop teleportation journey
 26876 | Swamp:4  | XOM: smoke on damage
 26877 | Swamp:4  | Killed a tentacled monstrosity
 26892 | Swamp:4  | XOM: confuse monster(s)
 27054 | Swamp:4  | Reached XP level 19. HP: 144/144 MP: 0/0
 27054 | Swamp:4  | Learned a level 6 spell: Conjure Ball Lightning
 27054 | Swamp:4  | XOM: confuse monster(s)
 27109 | Swamp:4  | Noticed the 27-headed Lernaean hydra
 27114 | Swamp:4  | Killed the 26-headed Lernaean hydra
 27121 | Swamp:4  | Noticed Aizul
 27139 | Swamp:4  | Killed Aizul
 27153 | Swamp:4  | XOM: enchant monster (bad)
 27259 | Swamp:4  | Got a decaying rune of Zot
 27261 | Swamp:4  | Identified the +6 rapier of Tyblec {freeze, Int+3}
 27279 | Swamp:4  | Identified the +0 buckler of the Endless Expanse {rF++
                  | Int+2 Dex+3}
 27491 | Spider:1 | Entered Level 1 of the Spider Nest
 27491 | Spider:1 | Found a runed translucent gate.
 27491 | Spider:1 | Found a runed translucent gate.
 27491 | Spider:1 | Found a runed translucent gate.
 27515 | Spider:1 | Noticed Josephine
 27515 | Spider:1 | Noticed experimilk's ghost (journeyman TrGl)
 27518 | Spider:1 | XOM: summons 5 friendly demons
 27524 | Spider:1 | XOM: silly message
 27525 | Spider:1 | Killed Josephine
 27530 | Spider:1 | XOM: noise
 27535 | Spider:1 | Noticed Mlioglotl
 27545 | Spider:1 | Killed Mlioglotl
 27547 | Spider:1 | XOM: cloud trail
 27642 | Spider:1 | XOM: cast spell 'Metabolic Englaciation'
 27831 | Spider:1 | XOM: smoke on damage
 27832 | Spider:1 | XOM: smoke on damage
 27883 | Spider:1 | XOM: cast spell 'Summon Mana Viper'
 27898 | Spider:1 | Identified the amulet of Lekhuq {RegenMP Dex+3}
 27979 | Spider:1 | XOM: enchant monster (bad)
 27980 | Spider:1 | XOM: potion effect (attraction)
 27982 | Spider:1 | XOM: smoke on damage
 28157 | Spider:1 | XOM: confuse monster(s)
 28207 | Spider:1 | XOM: noise
 28253 | Spider:1 | Noticed Azrael
 28258 | Spider:1 | XOM: smoke on damage
 28267 | Spider:1 | Killed Azrael
 28267 | Spider:1 | XOM: confuse monster(s)
 28378 | Spider:1 | Killed experimilk's ghost
 28588 | Spider:2 | XOM: 6-stop teleportation journey
 28961 | Spider:2 | XOM: enchant monster (good)
 28974 | Spider:2 | Annihilated by a spark wasp simulacrum

Illustrated notes

Levels and vault maps discovered:
D:1:      heliophobic_arrival_henge, layout_rooms, ebering_ecumenical_altar_box
D:2:      layout_loops_ring
D:3:      layout_basic, serial_shops, shop, nicolae_shop_back_alley_shop, shop,
          grunt_decor_clamped
D:4:      layout_loops_ring, minmay_temple_entry_purple_smoke, kennysheep_potato
D:5:      layout_loops_ring, mainiacjoe_overflow_big_doors, fedhas_altar_1,
          lightli_corner_chamber
D:6:      hellmonk_ruined_rings, layout_rooms, gammafunk_temple_overflow_claw
D:7:      layout_loops_ring, uniq_pikel
D:8:      layout_rooms, enter_bailey_5, st_stairs_2,
          nicolae_concentric_dashed_squares_mild
D:9:      layout_rooms, mainiacjoe_overflow_small_starburst, uniq_erolcha
D:10:     layout_long_grid, grunt_lair_entry_orc_guard_hut,
          nicolae_two_hexagons, minivault_19
D:11:     layout_cave_pools, ploomutoo_gammafunk_ghost_potion_laboratory,
          nzn_random_ring
D:12:     regret_index_combs_of_tragedy, layout_long_grid, serial_rivers,
          chequers_serial_rivers_micro_a, chequers_serial_rivers_micro_d,
          chequers_serial_rivers_marsh, chequers_serial_rivers_micro_e,
          chequers_serial_rivers_large_a, uniq_urug
D:13:     layout_loops_ring, dreamdust_princess_bridge,
          brannock_xom_greatest_gift, uniq_frances
D:14:     layout_basic, david_vaults_5
Lair:1:   minmay_lair_oklob_tunnel, layout_chaotic_city, gammafunk_ghost_icy
Lair:2:   layout_loops_ring, gammafunk_ghost_berserking_beasts,
          minmay_shattered_shrine, infiniplex_staircase_pool
Lair:3:   layout_roguey, nicolae_swamp_entry_spooky,
          nicolae_spider_entry_non_spiders, uniq_amaemon, uniq_sonja
Lair:4:   layout_roguey, slime_entry_1, beast_lair_carwin_4, grunt_megastairs_4
Lair:5:   grunt_lair_end_beastmaster, layout_regular_city,
          chequers_serial_rivers_small_b, minivault_26
Swamp:1:  layout_falls_marsh, ebering_ghost_xom, evilmike_swamp_ruin_house_6
Swamp:2:  layout_basic_swamp, evilmike_swamp_ruin_rubble_2
Swamp:3:  nzn_winding_woodlands_three_and_one
          [nzn_winding_woodlands_5x15_zeroes, nzn_winding_woodlands_5x15_jagged,
          nzn_winding_woodlands_5x15_sidewinder,
          nzn_winding_woodlands_center_garden], layout_basic_swamp,
          hellmonk_ghost_happy_afterlife, serial_swamp_ruin,
          evilmike_swamp_ruin_house_2, hangedman_swamp_ruin_wall,
          evilmike_swamp_ruin_house_3
Swamp:4:  grunt_swamp_rune_castle, layout_basic_swamp, swamp_pool1, uniq_aizul
Spider:1: layout_cave_pods, gammafunk_ghost_split, uniq_azrael, uniq_mlioglotl,
          uniq_josephine
Spider:2: layout_cave_pods
Orc:1:    layout_diamond_mine, serial_shops, nicolae_shop_gibbet_a_chance,
          basic_altar
Orc:2:    st_orc_congregation, layout_caves, basic_altar

Skill      XL: |  1  2  3  4  5  6  7  8  9 10 11 12 13 14 15 16 17 18 19 |
---------------+----------------------------------------------------------+-----
Long Blades    | 3 4 5 6 8 10 11 13 15 16 18 19 20 21 | 21.9
Armour         | 2 3 4 5 6 7 |  7.8
Stealth        | 1 |  1.4
Fighting       | 4 5 6 7 8 9 10 11 | 11.9
Spellcasting   | 1 2 3 4 5 6 7 8 9 |  9.2
Conjurations   | 1 2 3 4 5 6 7 8 9 |  9.2
Hexes          | 1 2 3 4 5 6 7 8 9 |  9.2
Summonings     | 1 2 3 4 5 6 7 8 9 |  9.2
Necromancy     | 1 2 3 4 5 6 7 8 9 |  9.2
Translocations | 1 2 3 4 5 6 7 8 9 |  9.2
Transmutations | 1 2 3 4 5 6 7 8 9 |  9.2
Fire Magic     | 1 2 3 4 5 6 7 8 9 |  9.2
Ice Magic      | 1 2 3 4 5 6 7 8 9 |  9.2
Air Magic      | 1 2 3 4 5 6 7 8 9 |  9.2
Earth Magic    | 1 2 3 4 5 6 7 8 9 |  9.2
Poison Magic   | 1 2 3 4 5 6 7 8 9 |  9.2
Dodging        | 3 4 5 6 7 8 10 11 | 11.0
Shields        | 1 2 3 4 5 6 |  6.9
Evocations     | 2 4 6 7 8 |  8.6

Action                     |  1- 3 |  4- 6 |  7- 9 | 10-12 | 13-15 | 16-18 | 19-21 || total
---------------------------+-------+-------+-------+-------+-------+-------+-------++-------
  Melee: Falchion          |    39 |       |       |       |       |       |       ||    39
         Headbutt          |    11 |    12 |    24 |    60 |   144 |   161 |    81 ||   493
         Great sword       |    10 |    48 |   128 |    62 |       |       |       ||   248
         Bite              |     1 |     4 |     7 |    40 |    73 |    75 |    44 ||   244
         Triple sword      |       |       |       |   207 |   534 |   643 |   297 ||  1681
   Cast: Call Canine Famil |       |       |       |     1 |       |       |       ||     1
         Stone Arrow       |       |       |       |       |       |     2 |       ||     2
  Evoke: Condenser vane    |       |       |       |       |     1 |       |     1 ||     2
         Wand              |       |       |       |       |       |       |     3 ||     3
    Use: Scroll            |     2 |     9 |     3 |     2 |    12 |     7 |     2 ||    37
         Potion            |       |     1 |     1 |     2 |       |     1 |       ||     5
   Stab: Paralysed         |     1 |       |       |       |       |     1 |       ||     2
         Sleeping          |       |     2 |     8 |     3 |     2 |     7 |       ||    22
         Invisible         |       |       |     1 |       |       |       |       ||     1
         Confused          |       |       |       |     4 |     3 |     5 |     5 ||    17
         Petrified         |       |       |       |       |     4 |     1 |       ||     5
         Distracted        |       |       |       |       |     3 |       |     2 ||     5
         Petrifying        |       |       |       |       |       |       |     2 ||     2
 Armour: Leather armour    |    24 |    14 |    39 |    23 |       |       |       ||   100
         Acid dragon scale |       |       |       |    53 |   229 |    76 |       ||   358
         Ring mail         |       |       |       |       |       |   217 |   141 ||   358
  Dodge: Dodged            |    32 |    28 |    73 |   151 |   396 |   556 |   220 ||  1456
  Block: Other             |       |     2 |    12 |    51 |   131 |   146 |    62 ||   404
         Reflection        |       |       |     5 |     2 |     5 |     8 |       ||    20

Table legend: (Time is in decaauts)
 A = Elapsed time spent in this place.
 B = Non-inter-level travel time spent in this place.
 C = Inter-level travel time spent in this place.
 D = Time resting spent in this place.
 E = Time spent auto-exploring this place.
 F = Levels seen in this place.
 G = Mean time per level.
                   A        B        C        D        E       F      G
               +--------+--------+--------+--------+--------+-----+--------+
         Total |  28857 |  27602 |   1255 |   9541 |  13619 |  28 | 1030.6 |
       Dungeon |  18123 |  17460 |    663 |   8620 |   6910 |  14 | 1294.5 |
          Lair |   4717 |   4270 |    447 |    386 |   3036 |   5 |  943.4 |
         Swamp |   2995 |   2904 |     91 |    343 |   1846 |   4 |  748.8 |
   Spider Nest |   1425 |   1413 |     12 |    140 |    908 |   2 |  712.5 |
  Orcish Mines |   1047 |   1006 |     41 |      0 |    652 |   2 |  523.5 |
        Bailey |    547 |    547 |      0 |     52 |    266 |   1 |  547.0 |
               +--------+--------+--------+--------+--------+-----+--------+

Top non-repeatable levels by time:
     D:1: 7876 daAuts
     D:5: 1568 daAuts
  Lair:3: 1329 daAuts
 Swamp:3: 1170 daAuts
    D:12: 1100 daAuts
    D:11: 900 daAuts
Spider:1: 895 daAuts
  Lair:5: 883 daAuts
  Lair:2: 876 daAuts
 Swamp:1: 858 daAuts
  Lair:1: 858 daAuts
     D:2: 825 daAuts
     D:4: 779 daAuts
  Lair:4: 770 daAuts
    D:13: 739 daAuts
